AoeStats
← Erickinio

Arabia

510039073Analyzed
4v4 RM · 2d ago on Sep 29, 2026· 42m 8s· 8 players
Game mode
Random Map
Map size
Large (8 player)
Population
200
Speed
Normal
Resources
Standard
Victory
Conquest
Starting age
Dark Age
Ending age
Imperial Age
RankedLock teamsTeams togetherTeam positionsShared explorationLock speedFull tech treeHidden civsTurbo modeCheats
Victory
Defeat
🇲🇽 Magyars · Mexico
1313
+8
🇲🇽 Hindustanis · Mexico
1277
+9
🇲🇽 Saracens · Mexico
1263
+9
🇲🇽 Turks · Mexico
1190
+12
🇨🇴 Spanish · Colombia
1198
-12
🇲🇽 Varangians · Mexico
1143
-11
🇨🇱 Vietnamese · Chile
1119
-10
🇦🇷 Celts · Argentina
969
-5
𒉭BEHELIT𒉭
4:58 Loom
9:34 Feudal Age
11:43 Double-Bit Axe
19:33 Fletching
23:22 Castle Age
21:53 Forging
23:11 Bloodlines
23:07 Scale Barding Armor
22:59 Gold Mining
22:51 Horse Collar
29:41 Heavy Plow
30:59 Wheelbarrow
31:06 Iron Casting
32:24 Husbandry
37:35 Chain Barding Armor
37:59 Hand Cart
41:08 Bodkin Arrow
Chelowolf
1:27 Loom
9:38 Feudal Age
30:24 Castle Age
29:41 Horse Collar
29:49 Double-Bit Axe
29:58 Stone Mining
dantealhz
0:54 Loom
11:46 Feudal Age
17:32 Castle Age
15:27 Double-Bit Axe
15:24 Horse Collar
18:24 Bloodlines
22:22 Forging
22:31 Scale Barding Armor
24:26 Iron Casting
24:54 Husbandry
26:08 Gold Mining
29:00 Fervor
40:22 Imperial Age
Erickinio
6:58 Loom
11:53 Feudal Age
12:48 Man-at-Arms
21:50 Double-Bit Axe
30:47 Castle Age
29:39 Stone Mining
31:52 Pikeman
32:19 Gambesons
33:14 Bow Saw
34:04 Scale Mail Armor
39:24 Forging
fasdark333
7:41 Loom
9:55 Feudal Age
10:30 Double-Bit Axe
28:02 Castle Age
26:52 Horse Collar
27:54 Fletching
28:04 Padded Archer Armor
28:22 Crossbowman
29:11 Thumb Ring
29:02 Bodkin Arrow
34:05 Heavy Plow
36:22 Bow Saw
38:30 Leather Archer Armor
38:33 Gold Mining
BlackWolf
7:08 Loom
10:07 Feudal Age
11:33 Double-Bit Axe
26:45 Wheelbarrow
29:30 Castle Age
29:57 Crossbowman
30:32 Fletching
30:43 Padded Archer Armor
32:11 Bodkin Arrow
36:01 Ballistics
WhiteKnightT23
0:27 Loom
6:12 Loom
9:28 Feudal Age
10:05 Double-Bit Axe
10:58 Horse Collar
21:49 Bloodlines
24:31 Castle Age
22:58 Gold Mining
24:16 Scale Barding Armor
25:30 Bow Saw
25:57 Chain Barding Armor
27:04 Wheelbarrow
28:52 Heavy Plow
29:32 Town Watch
31:30 Hand Cart
34:51 Gold Shaft Mining
37:54 Town Patrol
39:13 Devotion
39:48 Light Cavalry
40:29 Husbandry
44:09 Imperial Age
42:32 Fervor
EquesCaelo
10:02 Feudal Age
13:51 Bloodlines
22:13 Castle Age
22:11 Scale Barding Armor
26:07 Chain Barding Armor
25:51 Husbandry
29:58 Forging
37:35 Iron Casting
37:50 Wheelbarrow
37:02 Town Watch
37:04 Double-Bit Axe
37:10 Gold Mining
37:01 Horse Collar
38:53 Hand Cart
38:49 Bow Saw
39:16 Gold Shaft Mining
38:42 Heavy Plow
40:49 Town Patrol
45:01 Imperial Age
Connection lost

Rejoining the realm…

Still unreachable

The connection could not be restored.

Session expired

The server has moved on; the page needs a fresh start.